rage, lawful female dwarven Valkyrie * $ $ $ *$ $ $ $ * % $ * $ ( ... ) ) -(.--. .....--. ) ........... --..............).....^..- |....................--(.. ^ * --...............------|... |.......--.....--- |... G --.....----..--- ------.h... |....-- ---- --.|..|.s@.. * ---.-- |..........- --- * ---------. rage the Fighter Experience level: 6 Strength: 21 Dexterity: 11 Constitution: 18 Intelligence: 9 Wisdom: 9 Charisma: 7 Health: 0(58) Energy: 1(1) Def: 14 Gold: 211 Moves: 2776 Dungeon seed: AFtbbg4TArZvX_Ym Game ID: rage_1547337506 Your Inventory: Coins $ - 211 gold pieces Amulets t - an uncursed amulet of reflection Weapons a - an uncursed +0 long sword (weapon in hand) b - an uncursed +0 dagger Armor e - an uncursed +3 small shield (being worn) n - an uncursed +0 dwarvish cloak (being worn) q - a blessed greased +0 gray dragon scale mail (being worn) y - a cursed +0 pair of water walking boots (being worn) Comestibles k - 3 uncursed fortune cookies Scrolls C - 3 uncursed scrolls of blank paper Potions l - an uncursed potion of extra healing x - an uncursed potion of object detection Tools d - an uncursed oil lamp (0:1417) m - a cursed oil lamp (0:1483) o - an uncursed blindfold Gems r - an uncursed emerald u - an uncursed worthless piece of white glass v - an uncursed worthless piece of yellow glass z - 3 uncursed worthless pieces of yellowish brown glass A - an uncursed worthless piece of blue glass N - 8 uncursed rocks Y - an uncursed opal Spells and supernatural/magical abilities: Name Level Category Cost Memory W - pray for help -- divine ? -- Your skills at the end: Fighting Skills wands [Basic] Weapon Skills dagger [Basic] long sword [Basic] Spellcasting Skills Final Attributes: You were piously aligned. You were immune to cold. You were magic resistant. You had infravision. You were stealthy. You could walk on water. Tyr was noncommittal. You are dead. Vanquished creatures: a gnome king a gnome mummy a bugbear a wood nymph 8 Uruk-hai a shrieker a gnome lord an elf zombie a paper golem 2 floating eyes a dwarf a homunculus a kobold shaman 4 rothes 2 giant bats a werejackal 2 acid blobs a hobbit 4 hobgoblins 2 yellow molds 7 gnomes 9 garter snakes 5 jackals 3 foxes a kobold 2 goblins 3 sewer rats 2 grid bugs 2 bats a lichen 4 newts 76 creatures vanquished. Voluntary challenges: You had followed a strict vegan diet until turn 2096. You had followed a strict vegetarian diet until turn 2758. You were an atheist. You used a wielded weapon 61 times, starting on turn 52. You read items or engraved 3 times, starting on turn 1421. You never genocided any monsters. You never polymorphed an object. You never changed form. You used 1 wish, starting on turn 1050. You did not wish for any artifacts. You never split a pudding. You never wrote Elbereth's name. You never violated your personal moral code. Dungeon overview: The Dungeons of Doom: levels 1 to 2 Level 1 a long staircase Level 2 a general store, a sink stairs to The Gnomish Mines The Gnomish Mines: levels 3 to 7 Level 3 stairs to The Dungeons of Doom Level 4 Level 6 Level 7 <- You were here History has recorded: On T:1 you entered the Dungeons of Doom to retrieve the Amulet of Yendor! On T:457 you reached level 2 of The Dungeons of Doom. On T:724 you advanced to experience level 2. On T:1016 you reached level 1 of The Gnomish Mines. On T:1029 you advanced to experience level 3. On T:1050 you wished for "blessed greased +2 gray dragon scale mail". On T:1404 you reached level 2 of The Gnomish Mines. On T:1678 you advanced to experience level 4. On T:1713 you reached level 4 of The Gnomish Mines. On T:1909 you advanced to experience level 5. On T:2577 you advanced to experience level 6. On T:2663 you reached level 5 of The Gnomish Mines. Score breakdown: Gold: 211 ( 7913 points) Experience: 6 levels (12456 points) Exploration: 7 levels ( 15.22%) (10954 points) Discoveries: 8 items ( 3.20%) ( 5366 points) Valuables value: (no points given unless you survive) Artifact value: 0 ( 0 points) Variety of kills: 31 monsters ( 8.16%) ( 8568 points) Turncount: 2776 turns ( -485 points) Survival: died (score multiplied by 80%) Total score: 35817 Latest messages: You suddenly vomit! You finish engraving. The bugbear hits! The giant spider bites! You're done throwing up. [2 turns] You miss the giant spider. The bugbear just misses! The giant spider bites! The giant spider's bite was poisoned! You miss the giant spider. The bugbear misses. The giant spider bites! The giant spider misses. You miss the giant spider. The giant spider bites! You sense the presence of objects. It must be a potion of object detection. The bugbear hits! You die... Final status: Farvel rage the Valkyrie, killed by a bugbear... You died in The Gnomish Mines on dungeon level 7 with 35817 points, and 211 pieces of gold, after 2776 moves. You were level 6 with a maximum of 58 hit points when you died.